 Dungeon Crawl Stone Soup version 0.28-a0-1227-ga9037bb4c8 (webtiles) character file.

Game seed: 6555522964171566220

67421 Fortus the Severer (level 14, -7/133 HPs)
             Began as a Minotaur Fighter on Dec 22, 2021.
             Was a High Priest of the Shining One.
             Mangled by an orc knight (28 damage)
             ... on level 2 of the Orcish Mines.
             The game lasted 00:53:37 (20107 turns).

Fortus the Severer (Minotaur Fighter)              Turns: 20107, Time: 00:53:38

Health: -7/133     AC: 29    Str: 27    XL:     14   Next: 82%
Magic:  19/19      EV:  6    Int:  5    God:    the Shining One [*****.]
Gold:   1796       SH:  5    Dex:  9    Spells: 17/22 levels left

rFire   + + .      SeeInvis +   o - +1 broad axe (flame)
rCold   + . .      Faith    .   c - +1 buckler
rNeg    + + .      Spirit   .   a - +0 gold dragon scales
rPois   +          Reflect  .   E - +2 hat {SInv}
rElec   .          Harm     .   Y - +0 cloak
rCorr   .          Rampage  .   w - +3 pair of gauntlets of War {Slay+5}
Will    +....                   Q - +0 pair of boots
Stlth   ..........              I - amulet of regeneration
HPRegen 1.12/turn               p - ring of protection from fire
MPRegen 0.16/turn               h - ring of wizardry

@: lethally poisoned (-7 -> -8), glowing, studying Invocations
A: horns 2, retaliatory headbutt
a: Renounce Religion, Divine Shield, Cleansing Flame, Summon Divine Warrior


You were on level 2 of the Orcish Mines.
You worshipped the Shining One.
The Shining One was extremely pleased with you.
You visited 3 branches of the dungeon, and saw 19 of its levels.
You also visited: Volcano.

You collected 3026 gold pieces.
You spent 1230 gold pieces at shops.

Inventory:

Hand Weapons
 o - a +1 broad axe of flaming (weapon)
 N - a +4 morningstar of freezing
 T - a +0 broad axe
Missiles
 X - 2 silver javelins (quivered)
Armour
 a - +0 gold dragon scales (worn)
 c - a +1 buckler (worn)
 w - the +3 pair of gauntlets of War (worn) {Slay+5}
   (You acquired it on level 5 of the Dungeon)

   Slay:      It affects your accuracy & damage with ranged weapons and melee
   (+5).
 E - a +2 hat of see invisible (worn)
 Q - a +0 pair of boots (worn)
 Y - a +0 cloak (worn)
Jewellery
 h - a ring of wizardry (right hand)
 m - a +6 ring of dexterity
 p - a ring of protection from fire (left hand)
 u - a ring of resist corrosion
 G - a ring of poison resistance
 I - an amulet of regeneration (around neck)
 M - a ring of magical power
 P - a ring of protection from fire
 S - a ring of see invisible
 W - an amulet of guardian spirit
Wands
 B - a wand of digging (6)
Scrolls
 e - a scroll of blinking
 f - a scroll of enchant weapon
 g - 6 scrolls of fog
 i - 4 scrolls of enchant armour
 j - a scroll of fear
 q - a scroll of magic mapping
 s - a scroll of summoning
 t - 7 scrolls of teleportation
 v - a scroll of holy word {unknown}
 D - 2 scrolls of immolation
 F - 3 scrolls of amnesia
 J - a scroll of brand weapon {unknown}
 O - a scroll of vulnerability {unknown}
Potions
 b - 2 potions of haste
 d - 3 potions of cancellation
 k - 2 potions of heal wounds
 n - a potion of flight
 r - 5 potions of curing
 z - 4 potions of resistance
 A - 2 potions of brilliance
 V - 3 potions of might
 Z - a potion of berserk rage


   Skills:
 - Level 14.5 Fighting
 - Level 17.9(18.0) Axes
 - Level 2.0(11.9) Maces & Flails
 + Level 14.6 Armour
 - Level 4.0 Shields
 - Level 4.5 Spellcasting
 - Level 8.5 Translocations
 * Level 7.3 Invocations


You had 17 spell levels left.
You knew the following spells:

 Your Spells              Type           Power      Damage    Failure   Level
a - Manifold Assault      Tloc           9%         N/A       91%         5

Your spell library contained the following spells:

 Spells                   Type           Power      Damage    Failure   Level
 Apportation              Tloc           18%        N/A       9%          1
 Blink                    Tloc           18%        N/A       13%         2
 Lesser Beckoning         Tloc           9%         N/A       26%         3
 Passage of Golubria      Tloc           9%         N/A       61%         4
 Animate Skeleton         Necr           2%         N/A       95%         1
 Shock                    Conj/Air       4%         1d3       95%         1
 Sting                    Tmut/Pois      4%         1d3       95%         1
 Summon Small Mammal      Summ           4%         N/A       95%         1
 Poisonous Vapours        Pois/Air       2%         N/A       98%         2
 Ignite Poison            Fire/Tmut/Pois 1%         N/A       100%        3
 Ozocubu's Armour         Ice            1%         N/A       100%        3
 Stone Arrow              Conj/Erth      2%         3d7       100%        3
 Swiftness                Air            1%         N/A       100%        3
 Tukima's Dance           Hex            1%         N/A       100%        3
 Airstrike                Air            0%         N/A       100%        4
 Animate Armour           Summ/Erth      2%         N/A       100%        4
 Olgreb's Toxic Radiance  Pois           1%         N/A       100%        4
 Metabolic Englaciation   Hex/Ice        0%         N/A       100%        5
 Yara's Violent Unravell  Hex/Tmut       0%         3d3       100%        5
 Simulacrum               Ice/Necr       0%         N/A       100%        6
 Storm Form               Tmut/Air       0%         N/A       100%        7
 Borgnjor's Revivificati  Necr           0%         N/A       100%        8
 Lehudib's Crystal Spear  Conj/Erth      0%         10d2      100%        8
 Necromutation            Tmut/Necr      0%         N/A       100%        8
 Death's Door             Necr           0%         N/A       100%        9


Dungeon Overview and Level Annotations

Branches:
Dungeon (11/15)            Temple (0/1) D:4            Lair (6/6) D:9
 Shoals (0/4) Lair:3       Spider (0/4) Lair:3        Slime (0/5) Lair:6
    Orc (2/2) D:9         Volcano (visited)
    Elf: Orc:2

Altars:
Ashenzari
Dithmenos
Fedhas
Gozag
Kikubaaqudgha
Nemelex Xobeh
Qazlal
Ru
Vehumet
Yredelemnul
Zin
The Shining One
Beogh

Shops:
D:3 :   D:5 **   D:7 !   D:8 ?   Orc:1 !

Annotations:
Lair:1 2 transporters, Cosk's ghost, journeyman FoFi


Innate Abilities, Weirdness & Mutations

You have a pair of horns on your head.
You reflexively headbutt those who attack you in melee.


Message History

The orc knight is almost dead.
You slash the orc knight! You burn the orc knight.
You feel very sick. The orc hits you but does no damage.
The orc knight roars a battlecry!
The orc knight goes into a battle-frenzy!
The orc knight hits you with a +0 long sword!
You slash the orc knight! You burn the orc knight.
You kill the orc knight!
You hit the orc knight. You burn the orc knight.
You feel very sick. You block the orc's attack.
You slash the orc knight! You burn the orc knight.
Your headbutt misses the orc knight.
The orc knight is severely wounded.
You feel sick. The orc knight completely misses you. You furiously retaliate!
You headbutt the orc knight, but do no damage.
You barely miss the orc knight. You headbutt the orc knight.
The orc knight is severely wounded.
You feel sick. You block the orc's attack.
The orc knight hits you with a +0 long sword!
* * * LOW HITPOINT WARNING * * *
You barely miss the orc knight.
The orc knight is severely wounded.
You feel sick. The orc barely misses you. The orc knight barely misses you.
Unknown command.
You hit the orc knight but do no damage.
Your headbutt misses the orc knight.
The orc knight is severely wounded.
You feel sick.
You slash the orc knight! You burn the orc knight.
The orc knight is almost dead.
You feel sick.
The orc hits you from afar with a +0 trident.
* * * LOW HITPOINT WARNING * * *
The orc knight hits you with a +0 long sword!!
* * * LOW HITPOINT WARNING * * *
You feel much better.
You feel sick. The orc barely misses you.
The orc knight hits you with a +0 long sword!!
You die...

......#...#
...........#
.......#...##
........#.[.#
........#<.##
........[..#
..........##
.......o)##
.....o)@##
......))#
.........
..........
...........
.....#....##
.....#.....
..#.###.....


You could see an orc knight (strong) and an orc (strong).

Vanquished Creatures
  Rupert (Lair:3)
  Gastronok (D:8)
  A dire elephant (Lair:6)
  Harold (D:7)
  10 hydras
  2 boulder beetles
  4 catoblepae
  A deep troll shaman (Lair:6)
  4 death yaks (Lair:6)
  An orc high priest (Orc:2)
  Sonja (D:10)
  2 skeletal warriors (Volcano)
  Pikel (D:5)
  3 orc knights (Orc:2)
  2 orc sorcerers
  A merfolk siren (Lair:3)
  20 elephants
  Joseph (D:7)
  2 black mambas
  3 gargoyles (Volcano)
  Psyche (D:8)
  A torpor snail (Lair:6)
  15 cane toads
  6 rime drakes
  9 komodo dragons
  3 polar bears (Lair:6)
  4 trolls
  Prince Ribbit (D:5)
  3 merfolk (Lair:3)
  2 harpy skeletons (Volcano)
  11 blink frogs
  11 dream sheep (Lair:6)
  3 flying skulls (Volcano)
  A shadow (D:10)
  5 wyverns
  A vampire (D:10)
  7 basilisks
  4 vampire mosquitoes (D:10)
  9 steam dragons (Lair:3)
  45 yaks
  Menkaure (D:4)
  8 wargs
  An acid dragon (D:9)
  13 water moccasins
  A hornet zombie (D:5)
  22 orc warriors
  4 necrophages
  5 ogres
  29 wolves
  2 kobold brigands
  13 bullfrogs
  A scorpion (D:6)
  A wyvern zombie (D:5)
  A wyvern skeleton (D:7)
  9 killer bees
  2 howler monkeys (D:8)
  14 wights
  4 electric eels (Lair:4)
  A spriggan skeleton (Volcano)
  2 troll skeletons (Volcano)
  A bullfrog zombie (D:5)
  5 centaur zombies
  A hound (D:2)
  4 jellies
  A human zombie (D:5)
  8 orc priests
  A centaur skeleton (D:5)
  20 orc wizards
  2 iguanas
  2 hound zombies (D:5)
  A mummy (D:5)
  3 howler monkey zombies
  3 gnolls (D:5)
  2 adders
  A white imp (D:8)
  3 ufetubi (D:6)
  2 dart slugs
  55 orcs
  6 bats
  5 endoplasms
  A giant cockroach (D:2)
  5 goblins
  4 hobgoblins
  18 kobolds
  4 quokkas
  8 ball pythons
  14 frilled lizards
  A quokka skeleton (D:2)
  4 rats
523 creatures vanquished.

Vanquished Creatures (others)
  2 steam dragons (Lair:3)
  An orc (Orc:2)
  10 fungi
  46 plants
59 creatures vanquished.

Grand Total: 582 creatures vanquished

Notes
Turn   | Place    | Note
-------+----------+-------------------------------------------
     0 | D:1      | Fortus the Minotaur Fighter began the quest for the Orb.
     0 | D:1      | Reached XP level 1. HP: 19/19 MP: 0/0
   287 | D:1      | Reached skill level 3 in Axes
   287 | D:1      | Reached XP level 2. HP: 22/26 MP: 1/1
   471 | D:1      | Found a faded altar of an unknown god.
  1097 | D:2      | Reached skill level 4 in Axes
  1149 | D:2      | Reached XP level 3. HP: 30/31 MP: 2/2
  1650 | D:2      | Reached skill level 5 in Axes
  1650 | D:2      | Reached XP level 4. HP: 35/39 MP: 3/3
  2273 | D:3      | Found a glowing golden altar of the Shining One.
  2298 | D:3      | Became a worshipper of the Shining One
  2362 | D:3      | Found a shadowy altar of Dithmenos.
  2458 | D:3      | Got the Almanac of Shape Shifting and Lightness
  2490 | D:3      | Found Wautor's Book Emporium.
  2853 | D:4      | Noticed Menkaure
  2863 | D:4      | Killed Menkaure
  2864 | D:4      | Reached skill level 7 in Axes
  2864 | D:4      | Reached XP level 5. HP: 13/45 MP: 4/4
  3080 | D:4      | Found an ancient bone altar of Kikubaaqudgha.
  3205 | D:4      | Found a blossoming altar of Fedhas.
  3244 | D:4      | Found a stormy altar of Qazlal.
  3577 | D:4      | Found a staircase to the Ecumenical Temple.
  3638 | D:5      | Entered Level 5 of the Dungeon
  3770 | D:5      | Noticed Prince Ribbit
  3779 | D:5      | Reached XP level 6. HP: 18/51 MP: 5/5
  4230 | D:5      | Reached skill level 8 in Axes
  4653 | D:5      | Reached skill level 1 in Invocations
  4690 | D:5      | Reached skill level 9 in Axes
  4690 | D:5      | Reached XP level 7. HP: 34/57 MP: 5/7
  4885 | D:5      | Killed Prince Ribbit
  5083 | D:5      | Noticed Pikel
  5096 | D:5      | Killed Pikel
  5097 | D:5      | Reached skill level 10 in Axes
  5097 | D:5      | Reached XP level 8. HP: 30/64 MP: 7/9
  5245 | D:5      | Found Giwucrem's Specific Store.
  5245 | D:5      | Found Zaosixuck's General Store.
  5485 | D:5      | Reached skill level 11 in Axes
  5507 | D:5      | Reached * piety under the Shining One
  5526 | D:5      | Found a basalt altar of Yredelemnul.
  5702 | D:5      | Reached skill level 5 in Fighting
  5702 | D:5      | Reached skill level 12 in Axes
  5911 | D:6      | Reached ** piety under the Shining One
  5944 | D:6      | Reached XP level 9. HP: 63/74 MP: 11/11
  6816 | D:7      | Reached skill level 13 in Axes
  7186 | D:7      | Found Tathusas's Distillery.
  7189 | D:7      | Noticed Harold
  7227 | D:7      | Killed Harold
  7228 | D:7      | Reached skill level 14 in Axes
  7609 | D:7      | Noticed Joseph
  7623 | D:7      | Killed Joseph
  7832 | D:7      | Reached XP level 10. HP: 83/88 MP: 12/12
  7891 | D:7      | Found a broken altar of Ashenzari.
  8296 | D:7      | Found an opulent altar of Gozag.
  8321 | D:8      | Noticed Psyche
  8331 | D:8      | Killed Psyche
  8381 | D:8      | Reached skill level 15 in Axes
  8847 | D:8      | Noticed Gastronok
  8860 | D:8      | Killed Gastronok
  9307 | D:8      | Found Veawongu's Magic Scroll Emporium.
  9393 | D:8      | Reached skill level 16 in Axes
  9807 | D:5      | Bought an amulet of regeneration for 450 gold pieces
  9923 | D:9      | Found a staircase to the Lair.
  9946 | D:9      | Reached skill level 10 in Fighting
  9949 | D:9      | Reached skill level 5 in Armour
 10164 | D:9      | Found a sacrificial altar of Ru.
 10390 | D:9      | Found a staircase to the Orcish Mines.
 10428 | D:9      | Found a sparkling altar of Nemelex Xobeh.
 10663 | D:10     | Entered Level 10 of the Dungeon
 10748 | D:10     | Found a radiant altar of Vehumet.
 10778 | D:10     | Reached *** piety under the Shining One
 10789 | D:10     | Reached XP level 11. HP: 88/101 MP: 9/13
 10830 | D:10     | Found a glowing silver altar of Zin.
 11454 | D:10     | Noticed Sonja
 11462 | D:10     | Killed Sonja
 11659 | Lair:1   | Entered Level 1 of the Lair of Beasts
 11760 | Lair:1   | Noticed a seven-headed hydra
 11773 | Lair:1   | Killed a seven-headed hydra
 11989 | Lair:1   | Found a transporter.
 12121 | Lair:1   | Noticed an eight-headed hydra
 12122 | Lair:1   | Noticed Cosk's ghost (journeyman FoFi)
 12131 | Lair:1   | Found a transporter.
 12131 | Lair:1   | Noticed an eight-headed hydra
 12723 | Lair:2   | Reached skill level 10 in Armour
 12951 | Lair:2   | Reached XP level 12. HP: 95/115 MP: 14/14
 12962 | Lair:2   | Noticed a catoblepas
 13019 | Lair:2   | Killed a catoblepas
 13495 | Lair:3   | Found a staircase to the Shoals.
 14047 | Lair:3   | Noticed a catoblepas
 14064 | Lair:3   | Killed a catoblepas
 14146 | Lair:3   | Learned a level 5 spell: Manifold Assault
 14166 | Lair:3   | Noticed Rupert
 14395 | Lair:3   | Killed Rupert
 14396 | Lair:3   | Reached skill level 17 in Axes
 14396 | Lair:3   | Reached skill level 1 in Translocations
 14683 | Lair:3   | Found a hole to the Spider Nest.
 14953 | Lair:4   | Noticed a seven-headed hydra
 14969 | Lair:4   | Killed a seven-headed hydra
 14972 | Lair:4   | Reached XP level 13. HP: 31/125 MP: 11/15
 16048 | Lair:5   | Reached skill level 1 in Spellcasting
 16054 | Lair:5   | Reached skill level 5 in Translocations
 16137 | Lair:5   | Found a dark tunnel.
 16188 | Volcano  | Entered a volcano
 16423 | Volcano  | Reached **** piety under the Shining One
 17194 | Lair:6   | Entered Level 6 of the Lair of Beasts
 17358 | Lair:6   | Reached XP level 14. HP: 115/133 MP: 17/17
 18287 | Lair:6   | Reached ***** piety under the Shining One
 18350 | Lair:6   | Found a staircase to the Slime Pits.
 18832 | Orc:1    | Entered Level 1 of the Orcish Mines
 18875 | Orc:1    | Found Opoir's Distillery.
 19499 | D:5      | Bought a scroll of acquirement for 780 gold pieces
 19501 | D:5      | Acquired a +1 broad axe of flaming
 19526 | D:5      | Acquired 1332 gold pieces
 19530 | D:5      | Acquired the +3 pair of gauntlets of War {Slay+5}
 19530 | D:5      | Found the +3 pair of gauntlets of War {Slay+5}
 19554 | D:5      | Acquired a manual of Invocations
 19696 | Orc:2    | Entered Level 2 of the Orcish Mines
 19745 | Orc:1    | Reached skill level 5 in Invocations
 20106 | Orc:2    | HP: 3/133 [orc knight (25)]
 20107 | Orc:2    | Mangled by an orc knight

Illustrated notes

Levels and vault maps discovered:
D:1:      erik_arrival_blinker_ship, layout_basic,
          hellmonk_ecumenical_altar_slurped_away, serial_bayou_pond_d,
          minmay_lizard_king
D:2:      layout_loops_corners, nicolae_elevator_lobby_plus
D:3:      layout_loops_ring, mainiacjoe_overflow_24_doors,
          mainiacjoe_overflow_six_doors_small, serial_shops,
          nicolae_shop_advertising_works [nicolae_subvault_shop_adworks]
D:4:      layout_cave_pods, mainiacjoe_overflow_concentric_impassable,
          nicolae_overflow_crystal_walls, mainiacjoe_overflow_catwalk,
          temple_doors_e, uniq_menkaure
D:5:      layout_rooms, lemuel_mausoleum_altar_yredelemnul,
          nicolae_specific_store, uniq_prince_ribbit1, uniq_pikel
D:6:      layout_gridville
D:7:      layout_basic, general_overflow_altar, evilmike_ruin_ashenzari,
          serial_shops, shop_fountains, uniq_joseph, uniq_harold
D:8:      layout_basic, serial_shops,
          nicolae_shop_temple_entry_statues_fountains,
          hangedman_abyss_or_decor_stabs, uniq_gastronok, uniq_psyche
D:9:      layout_basic, nicolae_ru_awakened_eye, nemelex_spade_bored_becter,
          david_lair_generic, orc_0_dummy
D:10:     layout_gridville, vehumet_altar_wand_db, zin_academy, uniq_sonja
D:11:     layout_stronghold, gammafunk_ghost_wrathful_warriors, grunt_livestock
Lair:1:   layout_regular_city, gammafunk_ghost_berserking_beasts
Lair:2:   layout_gridlike
Lair:3:   layout_cellular_growth, elwin_shoals_entry_stream, dummy_spider_entry,
          bobbens_dragon_lair_wall, uniq_rupert
Lair:4:   layout_regular_city, serial_bayou, serial_bayou_lagoon_a,
          serial_bayou_lake_a, serial_bayou_lagoon_b, serial_bayou_crossing
Lair:5:   layout_cave_shapes, nicolae_volcano_entry_two_sided, st_stairs_11
Lair:6:   grunt_lair_end_beastmaster, layout_cellular_growth,
          dpeg_slime_entry_corner, st_stairs_10, nzn_sisyphean_effort
Orc:1:    layout_caves, serial_shops, shop, basic_altar
Orc:2:    st_orc_town, layout_caves, basic_altar, nicolae_orc_lost_temple

Skill      XL: |  1  2  3  4  5  6  7  8  9 10 11 12 13 14 |
---------------+-------------------------------------------+-----
Shields        | 4 |  4.0
Axes           | 3 4 5 7 9 10 12 14 16 17 | 17.9
Invocations    | 1 3 4 7 |  7.3
Fighting       | 5 8 10 13 14 | 14.5
Armour         | 5 10 11 13 14 | 14.6
Maces & Flails | 2 |  2.0
Translocations | 2 6 8 |  8.5
Spellcasting   | 3 4 |  4.5

Action                   |  1- 3 |  4- 6 |  7- 9 | 10-12 | 13-15 || total
-------------------------+-------+-------+-------+-------+-------++-------
Melee: War axe           |    62 |    80 |   168 |   377 |       ||   687
       Headbutt          |     5 |    16 |    60 |   117 |   192 ||   390
       Morningstar       |       |       |       |    12 |    65 ||    77
       Broad axe         |       |       |       |   136 |   667 ||   803
Throw: Throwing net      |       |       |       |     4 |       ||     4
Invok: Divine Shield     |       |       |     3 |    19 |     4 ||    26
  Use: Potion            |       |       |     1 |     4 |     2 ||     7
       Scroll            |       |       |       |    16 |    13 ||    29
Armor: Scale mail        |    26 |    22 |    37 |    34 |       ||   119
       Chain mail        |       |       |       |   153 |    29 ||   182
       Gold dragon scale |       |       |       |       |   378 ||   378
Dodge: Dodged            |    31 |    34 |    60 |   145 |   143 ||   413
Block: Buckler           |    13 |    18 |    48 |   171 |   170 ||   420

Table legend: (Time is in decaauts)
 A = Elapsed time spent in this place.
 B = Non-inter-level travel time spent in this place.
 C = Inter-level travel time spent in this place.
 D = Time resting spent in this place.
 E = Time spent auto-exploring this place.
 F = Levels seen in this place.
 G = Mean time per level.
                   A        B        C        D        E       F      G
               +--------+--------+--------+--------+--------+-----+--------+
         Total |  19831 |  18419 |   1412 |   3272 |  11803 |  20 |  991.5 |
       Dungeon |  11957 |  11005 |    952 |   2413 |   7095 |  11 | 1087.0 |
          Lair |   6512 |   6156 |    356 |    705 |   4036 |   6 | 1085.3 |
  Orcish Mines |    920 |    816 |    104 |    154 |    389 |   2 |  460.0 |
       Volcano |    441 |    441 |      0 |      0 |    283 |   1 |  441.0 |
               +--------+--------+--------+--------+--------+-----+--------+

Top non-repeatable levels by time:
     D:5: 2217 daAuts
     D:8: 1692 daAuts
     D:7: 1435 daAuts
  Lair:6: 1431 daAuts
  Lair:3: 1357 daAuts
     D:4: 1347 daAuts
  Lair:4: 1168 daAuts
     D:2: 1023 daAuts
     D:1: 998 daAuts
  Lair:1: 983 daAuts
     D:6: 954 daAuts
    D:10: 913 daAuts
  Lair:2: 834 daAuts
   Orc:1: 788 daAuts
  Lair:5: 738 daAuts
